 Dungeon Crawl Stone Soup version 0.26-a0-683-g5206c1d7ac (webtiles) character file.

Game seed: 4044984919543279948

38355 DogServant the Severer (level 14, -4/124 HPs)
             Began as a Hill Orc Gladiator on Oct 22, 2020.
             Was a Priest of Uskayaw.
             Killed by divine providence
             ... invoked by Saint Roka
              (10 damage)
             ... on level 2 of the Orcish Mines.
             The game lasted 00:30:47 (22537 turns).

DogServant the Severer (Hill Orc Gladiator)        Turns: 22537, Time: 00:30:48

Health: -4/124     AC: 19    Str: 37    XL:     14   Next: 1%
Magic:  20/20      EV: 12    Int:  8    God:    Uskayaw [***...]
Gold:   1575       SH:  5    Dex: 12    Spells: 13/13 levels left

rFire    . . .     SeeInvis .   I - +0 battleaxe
rCold    . . .     Faith    .   (shield currently unavailable)
rNeg     . . .     Spirit   .   a - +0 plate armour
rPois    +         Reflect  +   N - +1 hat
rElec    .         Harm     .   n - +0 cloak
rCorr    .         Rampage  .   w - +1 pair of gloves {Str+3}
MR       +....     Clarity  +   (no boots)
Stlth    ..........             m - amulet of reflection
HPRegen  0.30/turn              Q - +6 ring of strength
MPRegen  0.17/turn              V - +6 ring of strength

@: no status effects
A: antennae 1, talons 1, clarity, poison resistance, evolution 1
a: Stomp, Line Pass, Renounce Religion, Convert to Beogh


You were on level 2 of the Orcish Mines.
You worshipped Uskayaw.
Uskayaw was aware of your devotion.
You visited 4 branches of the dungeon, and saw 21 of its levels.
You also visited: Ossuary.

You collected 1575 gold pieces.

Inventory:

Hand Weapons
 b - the +10 hand axe of Meapnurgh {antimagic, rC+ Str+5 Int-5}
   (You found it on level 9 of the Dungeon)

   It reduces the magical energy of the wielder, and disrupts the spells and
   magical abilities of those hit.
   Natural abilities and divine invocations are not affected.
   It affects your strength (+5).
   It affects your intelligence (-5).
   It protects you from cold.
 I - a +0 battleaxe (weapon)
Armour
 a - a +0 plate armour (worn)
 j - a +2 scale mail of fire resistance
 n - a +0 cloak (worn)
 w - a +1 pair of gloves of strength (worn)
 N - a +1 hat (worn)
Jewellery
 c - an uncursed amulet of faith
 m - an amulet of reflection (around neck)
 t - an uncursed amulet of regeneration {unknown}
 K - an uncursed ring of magical power
 M - an uncursed ring of fire
 Q - a +6 ring of strength (left hand)
 S - an uncursed amulet of magic regeneration {unknown}
 V - a +6 ring of strength (right hand)
 Z - a cursed amulet of inaccuracy {unknown}
Wands
 D - a wand of digging (7)
 H - a wand of polymorph (1)
 R - a wand of flame (53)
 U - a wand of random effects (25)
 W - a wand of paralysis (11)
Scrolls
 d - 2 scrolls of vulnerability {unknown}
 f - 17 scrolls of remove curse
 h - 9 scrolls of teleportation
 k - 2 scrolls of acquirement {unknown}
 r - 3 scrolls of enchant weapon
 u - 3 scrolls of blinking
 x - 11 scrolls of identify
 y - 5 scrolls of enchant armour
 A - 2 scrolls of immolation {unknown}
 C - 2 scrolls of fog {unknown}
 F - 3 scrolls of summoning {unknown}
 G - 3 scrolls of amnesia
 J - a scroll of brand weapon {unknown}
 L - 2 scrolls of magic mapping
 O - a scroll of torment {unknown}
Potions
 e - a potion of haste {unknown}
 g - 3 potions of brilliance
 i - 2 potions of lignification
 o - 3 potions of degeneration
 p - 7 potions of curing
 q - 10 potions of might
 s - 4 potions of mutation
 v - 5 potions of ambrosia {unknown}
 z - 4 potions of flight
 B - 2 potions of cancellation
 E - 2 potions of magic
 P - 3 potions of invisibility {unknown}
 T - 2 potions of stabbing {unknown}
 X - a potion of resistance
 Y - a potion of berserk rage


   Skills:
 - Level 11.4 Fighting
 + Level 19.9 Axes
 - Level 1.8 Throwing
 - Level 10.2 Armour
 + Level 7.9 Dodging
 - Level 8.5 Invocations
 - Level 4.0 Evocations


You had 13 spell levels left.
You didn't know any spells.
Your spell library contained the following spells:

 Spells                   Type           Power        Failure   Level
 Beastly Appendage        Tmut           #.....       91%         1
 Passwall                 Tmut/Erth      #.......     97%         2
 Swiftness                Air            #.......     97%         2
 Wereblood                Tmut           #.......     97%         2
 Spider Form              Tmut/Pois      #.........   100%        3
 Ice Form                 Ice/Tmut       #.......     100%        4
 Passage of Golubria      Tloc           N/A          100%        4
 Blade Hands              Tmut           #.........   100%        5
 Bolt of Magma            Conj/Fire/Erth #.........   100%        5
 Iskenderun's Battlesphe  Conj           #.......     100%        5
 Lee's Rapid Deconstruct  Erth           #.........   100%        5
 Invisibility             Hex            #.......     100%        6
 Iron Shot                Conj/Erth      #.........   100%        6
 Orb of Destruction       Conj           #.........   100%        7
 Spellforged Servitor     Conj/Summ      #.........   100%        7


Dungeon Overview and Level Annotations

Branches:
Dungeon (14/15)            Temple (1/1) D:7            Lair (4/6) D:8
 Shoals (0/4) Lair:3       Spider (0/4) Lair:2          Orc (2/2) D:12
Ossuary (visited)
    Elf: Orc:2       Vaults: D:13-14

Altars:
Ashenzari
Cheibriados
Dithmenos
Elyvilon
Fedhas
Gozag
Hepliaklqana
Kikubaaqudgha
Makhleb
Nemelex Xobeh
Okawaru
Qazlal
Ru
Sif Muna
Trog
Uskayaw
Vehumet
Wu Jian
Xom
Yredelemnul
Zin
The Shining One

Shops:
D:5 :   D:7 :   Orc:1 *

Annotations:
D:4 1 runed translucent door, Asdor's ghost, amateur DsGl
Lair:4 2 transporters, dracos369's ghost, journeyman OgHu
Orc:1 3 runed translucent doors, Guecuaq's ghost, journeyman KoDe
Orc:2 Saint Roka


Innate Abilities, Weirdness & Mutations

You have a pair of small antennae on your head.
You have sharp toenails.
You possess an exceptional clarity of mind.
Your system is resistant to poisons. (rPois)
You evolve.


Message History

* * * LOW HITPOINT WARNING * * *
The orc barely misses you.
Uskayaw will force your foes to helplessly watch your dance.
Uskayaw prepares the audience for your solo!
Saint Roka is no longer paralysed.
You see here a +0 short sword.
The orc warrior is no longer paralysed.
The orc is no longer paralysed. x2
Saint Roka mumbles some strange prayers to Beogh against you.
Beogh smites you!
* * * LOW HITPOINT WARNING * * *
There is a stone staircase leading up here.
The warg is no longer paralysed.
The ogre is no longer paralysed.
The orc is no longer paralysed.
The orc warrior is no longer paralysed.
The orc wizard is no longer paralysed.
The orc sorcerer is no longer paralysed.
The ogre is no longer paralysed.
The troll is no longer paralysed.
The warg is no longer paralysed.
Saint Roka mumbles some strange prayers to Beogh against you.
Beogh smites you!
You die...

...........##
.....o....#.##
.......o.....#
......oo....##
.ooohoo....#
#o.T....##
#.ooO....#
#.O.h....#
#...@...##
...........#
.....#......#
............##
.............#
........#....#
....... ##.##
...... ##


You could see Saint Roka, a troll, 2 wargs, an orc sorcerer (strong), 2 orc
warriors, 2 ogres, 2 orc wizards and 6 orcs.

Vanquished Creatures
  An ogre mage (D:12)
  A hydra (D:11)
  2 catoblepae
  A death knight (D:13)
  4 two-headed ogres
  A centaur warrior (D:10)
  A tengu warrior (D:8)
  An orc high priest (Orc:1)
  Sonja (D:12)
  Nergalle (Lair:3)
  3 unseen horrors
  2 phantasmal warriors (D:13)
  A wolf spider zombie (D:14)
  An orc knight (Orc:1)
  An orc sorcerer (Orc:1)
  2 deep elf magi (D:13)
  2 ugly things
  4 cyclopes
  4 elephants (Lair:4)
  A black mamba (Lair:1)
  Maurice (D:8)
  4 molten gargoyles (D:13)
  7 cane toads
  A freezing wraith (D:13)
  5 komodo dragons
  7 trolls
  3 meliai (D:13)
  Prince Ribbit (D:8)
  A polar bear (Lair:3)
  Grinder (D:3)
  3 wyverns
  A vampire (D:11)
  A wraith (D:13)
  5 basilisks
  19 yaks
  Eustachio (D:6)
  2 wargs (Orc:1)
  5 water moccasins
  3 acid dragons
  3 ice beasts
  12 orc warriors
  5 black bears
  7 ogres
  A phantom (D:11)
  2 necrophages
  3 wolves (Lair:3)
  5 centaurs
  17 bullfrogs
  3 scorpions
  4 howler monkeys
  16 wights
  A quasit (D:12)
  6 hounds
  A human zombie (Ossuary)
  3 bullfrog zombies
  7 jellies
  11 orc priests
  3 bullfrog skeletons
  13 orc wizards
  A centaur skeleton (D:11)
  2 iguanas
  5 worker ants
  8 hell rats (Lair:2)
  3 mummies (Ossuary)
  A howler monkey zombie (D:9)
  2 howler monkey skeletons
  13 adders
  10 river rats (Lair:2)
  3 white imps
  An ooze (D:2)
  2 adder skeletons
  5 adder zombies
  5 worms
  7 dart slugs
  5 leopard geckos
  60 orcs
  A ball python (D:1)
  13 bats
  4 giant cockroaches
  A gnoll zombie (Ossuary)
  6 goblins
  7 hobgoblins
  7 jackals
  16 kobolds
  10 quokkas
  5 frilled lizards
  2 goblin zombies (Ossuary)
  2 kobold zombies (Ossuary)
  A leopard gecko skeleton (D:4)
  An orc zombie (Ossuary)
  3 quokka zombies (Ossuary)
  25 rats
  5 rat zombies (Ossuary)
471 creatures vanquished.

Vanquished Creatures (others)
  A worker ant (D:12)
  A quokka (D:9)
  43 fungi
  49 plants
94 creatures vanquished.

Grand Total: 565 creatures vanquished

Notes
Turn   | Place    | Note
-------+----------+-------------------------------------------
     0 | D:1      | DogServant the Hill Orc Gladiator began the quest for the
                  | Orb.
     0 | D:1      | Reached XP level 1. HP: 18/18 MP: 1/1
    28 | D:1      | Reached XP level 2. HP: 21/25 MP: 2/2
   398 | D:1      | Reached XP level 3. HP: 29/30 MP: 3/3
  1016 | D:2      | Reached skill level 1 in Armour
  1209 | D:2      | Reached skill level 5 in Axes
  1209 | D:2      | Reached XP level 4. HP: 38/38 MP: 4/4
  1283 | D:2      | Found an ornate altar of the Wu Jian Council.
  1303 | D:2      | Found a faded altar of an unknown god.
  1347 | D:2      | Found a hazy altar of Hepliaklqana.
  1351 | D:2      | Found a stormy altar of Qazlal.
  1352 | D:2      | Found a blossoming altar of Fedhas.
  1353 | D:2      | Found a shimmering blue altar of Sif Muna.
  1354 | D:2      | Found a sacrificial altar of Ru.
  1398 | D:2      | Found a bloodstained altar of Trog.
  1791 | D:3      | Found a shadowy altar of Dithmenos.
  1872 | D:3      | Reached XP level 5. HP: 45/46 MP: 5/5
  2009 | D:3      | Found a glowing silver altar of Zin.
  2081 | D:3      | Found a sacrificial altar of Ru.
  2112 | D:3      | Found a basalt altar of Yredelemnul.
  2301 | D:3      | Found a snail-covered altar of Cheibriados.
  2504 | D:3      | Noticed Grinder
  2604 | D:3      | Paralysed by Grinder for 7 turns
  2622 | D:3      | Killed Grinder
  2622 | D:3      | Reached skill level 5 in Fighting
  2622 | D:3      | Reached skill level 6 in Axes
  2622 | D:3      | Reached XP level 6. HP: 18/56 MP: 6/6
  3165 | D:4      | Reached skill level 11 in Axes
  3165 | D:4      | Reached XP level 7. HP: 71/71 MP: 7/7
  3220 | D:4      | Reached skill level 10 in Fighting
  3220 | D:4      | Reached XP level 8. HP: 71/79 MP: 8/8
  3770 | D:4      | Found a runed translucent door.
  3770 | D:4      | Noticed Asdor's ghost (amateur DsGl)
  3804 | D:5      | Entered Level 5 of the Dungeon
  4812 | D:5      | Found Eckis's Book Shop.
  5008 | D:5      | Found a burning altar of Makhleb.
  5986 | D:6      | Noticed Eustachio
  5995 | D:6      | Reached XP level 9. HP: 86/86 MP: 9/9
  5995 | D:6      | Killed Eustachio
  7018 | D:7      | Found a sand-covered staircase.
  7028 | Ossuary  | Entered an ossuary
  7299 | D:7      | Reached skill level 12 in Axes
  7434 | D:7      | Found a staircase to the Ecumenical Temple.
  7490 | Temple   | Entered the Ecumenical Temple
  7617 | Temple   | Became a worshipper of Uskayaw the Reveler
  7635 | D:7      | Reached * piety under Uskayaw
  7699 | D:7      | Found Hyful's Book Emporium.
  7720 | D:7      | Reached ** piety under Uskayaw
  7723 | D:7      | Reached *** piety under Uskayaw
  8381 | D:8      | Reached **** piety under Uskayaw
  8386 | D:8      | Reached ***** piety under Uskayaw
  8396 | D:8      | Reached ****** piety under Uskayaw
  8412 | D:8      | Found a staircase to the Lair.
  8453 | D:8      | Reached XP level 10. HP: 84/95 MP: 10/10
  8472 | D:8      | Reached skill level 10 in Armour
  8765 | D:8      | Noticed Prince Ribbit
  9187 | D:8      | Killed Prince Ribbit
  9187 | D:8      | Reached skill level 1 in Invocations
  9218 | D:8      | Noticed a tengu warrior
  9231 | D:8      | Killed a tengu warrior
  9231 | D:8      | Reached skill level 13 in Axes
  9231 | D:8      | Reached skill level 1 in Evocations
  9449 | D:8      | Killed an unseen horror
  9833 | D:8      | Noticed Maurice
  9841 | D:8      | Killed Maurice
 10243 | D:9      | Got a slimy hand axe
 10244 | D:9      | Identified the +10 hand axe of Meapnurgh {antimagic, rC+
                  | Str+5 Int-5} (You found it on level 9 of the Dungeon)
 10252 | D:9      | Reached XP level 11. HP: 102/102 MP: 7/13
 10258 | D:9      | Found a white marble altar of Elyvilon.
 10581 | D:9      | Found a bloodstained altar of Trog.
 10624 | D:9      | Noticed a two-headed ogre
 10636 | D:9      | Killed a two-headed ogre
 10636 | D:9      | Reached skill level 5 in Invocations
 10897 | D:10     | Entered Level 10 of the Dungeon
 10970 | D:10     | Killed an unseen horror
 11166 | D:10     | Noticed a centaur warrior
 11187 | D:10     | Killed a centaur warrior
 11187 | D:10     | Reached skill level 5 in Dodging
 11283 | D:10     | Noticed a two-headed ogre
 11296 | D:10     | Killed a two-headed ogre
 11399 | D:10     | Killed an unseen horror
 12479 | Lair:1   | Entered Level 1 of the Lair of Beasts
 13120 | Lair:1   | Reached XP level 12. HP: 108/110 MP: 9/18
 13174 | Lair:1   | Reached skill level 14 in Axes
 13597 | Lair:2   | Found a hole to the Spider Nest.
 14018 | Lair:2   | Gained mutation: You have a pair of small antennae on your
                  | head. [potion of mutation]
 14018 | Lair:2   | Gained mutation: You evolve. [potion of mutation]
 14018 | Lair:2   | Gained mutation: You have sharp toenails. [potion of
                  | mutation]
 14018 | Lair:2   | Gained mutation: Your system is resistant to poisons.
                  | (rPois) [potion of mutation]
 14338 | Lair:2   | Noticed a four-headed hydra
 14808 | Lair:3   | Reached skill level 15 in Axes
 14994 | Lair:3   | Found a staircase to the Shoals.
 15455 | Lair:3   | Noticed Nergalle
 15466 | Lair:3   | Killed Nergalle
 15466 | Lair:3   | Reached skill level 16 in Axes
 15919 | Lair:4   | Found a transporter.
 15923 | Lair:4   | Found a transporter.
 15941 | Lair:4   | Noticed dracos369's ghost (journeyman OgHu)
 16047 | Lair:4   | Noticed a four-headed hydra
 16823 | D:11     | Reached skill level 17 in Axes
 17152 | D:11     | You fall into a shaft and drop 1 floor!
 17249 | D:12     | Noticed Sonja
 17664 | D:11     | Noticed a seven-headed hydra
 17676 | D:11     | Killed a 13-headed hydra
 17676 | D:11     | Reached XP level 13. HP: 116/116 MP: 19/19
 17916 | D:12     | Killed Sonja
 18172 | D:12     | Reached skill level 18 in Axes
 18751 | D:12     | Noticed an ogre mage
 18765 | D:12     | Killed an ogre mage
 19374 | D:12     | Found a staircase to the Orcish Mines.
 19843 | D:13     | Reached skill level 19 in Axes
 19972 | D:13     | Identified the +5 scale mail "Zebruem" {SInv}
 21412 | Orc:1    | Entered Level 1 of the Orcish Mines
 21661 | Orc:1    | Paralysed by an orc sorcerer for 6 turns
 21700 | Orc:1    | Gained mutation: You possess an exceptional clarity of
                  | mind. [evolution]
 22181 | Orc:1    | Reached XP level 14. HP: 123/124 MP: 20/20
 22306 | Orc:1    | Found Omerr's General Store.
 22351 | Orc:1    | Found a runed translucent gate.
 22351 | Orc:1    | Found a runed translucent gate.
 22351 | Orc:1    | Found a runed translucent gate.
 22355 | Orc:1    | Noticed Guecuaq's ghost (journeyman KoDe)
 22366 | Orc:1    | Found an iron altar of Okawaru.
 22522 | Orc:2    | Entered Level 2 of the Orcish Mines
 22522 | Orc:2    | Noticed Saint Roka
 22536 | Orc:2    | HP: 6/124 [Saint Roka/divine providence (13)]
 22537 | Orc:2    | Killed from afar by Saint Roka

Illustrated notes

Levels and vault maps discovered:
D:1:      lightli_iron_boxes, layout_basic, minmay_fountain_box
D:2:      layout_rooms, old_standard_altar, minitemple,
          chequers_ecumenical_altar_simple_redux, trog_hazing_becter
D:3:      layout_basic, kennysheep_slug_shrine, lemuel_doored_altar,
          lemuel_crystal_altar, overflow_temple_1_default,
          nicolae_ru_awakened_eye, uniq_grinder
D:4:      layout_basic, gammafunk_ghost_grave, minmay_misc_feat_roman
D:5:      layout_basic, makhleb_blood_cavern_becter, serial_shops,
          nicolae_shop_stone, minmay_misc_feat_five
D:6:      layout_basic, uniq_eustachio
D:7:      layout_basic, minmay_temple_entry_ruins, enter_ossuary_1,
          serial_shops, kennysheep_little_box
D:8:      minmay_distorted_concentric_squares, layout_basic,
          due_lair_maze_entry_diamond, uniq_maurice, uniq_prince_ribbit1
D:9:      layout_rooms, trog_ov_bears_minmay, elyvilon_altar_4, minivault_27,
          minmay_misc_feat_tiny
D:10:     layout_grid_maze
D:11:     layout_gridville
D:12:     layout_loops_ring, orc_0_dummy, kennysheep_nub, wad_mini_maze,
          uniq_sonja
D:13:     layout_roguey, minivault_8
D:14:     layout_gridville, grunt_vaults_entry_tiered,
          nicolae_gozag_cash_rules_everything_around_me, uniq_rupert
Temple:   nicolae_temple_figure_zero
Lair:1:   layout_roguey
Lair:2:   lemuel_ratsnest, layout_regular_city, dummy_spider_entry
Lair:3:   layout_roguey, shoals_dummy_entry, grunt_megastairs_5, uniq_nergalle
Lair:4:   layout_cave_pods, gammafunk_ghost_hive, grunt_megastairs_1
Orc:1:    layout_diamond_mine, serial_shops, shop,
          gammafunk_ghost_fury_of_okawaru
Orc:2:    grunt_orc_gardens, layout_caves, grunt_orc_garden, grunt_orc_garden,
          grunt_orc_garden, grunt_orc_garden, uniq_saint_roka, uniq_nessos

Skill      XL: |  1  2  3  4  5  6  7  8  9 10 11 12 13 |
---------------+----------------------------------------+-----
Fighting       | 3 5 9 10 11 | 11.4
Armour         | 1 2 3 8 9 10 | 10.2
Axes           | 5 6 11 12 13 17 19 | 19.9
Invocations    | 3 8 |  8.5
Dodging        | 3 6 7 |  7.9
Evocations     | 3 4 |  4.0
Throwing       | |  1.8

Action                   |  1- 3 |  4- 6 |  7- 9 | 10-12 | 13-15 || total
-------------------------+-------+-------+-------+-------+-------++-------
Melee: War axe           |   100 |   170 |   321 |   137 |       ||   728
       Hand axe          |       |       |       |   296 |       ||   296
       Battleaxe         |       |       |       |   144 |   281 ||   425
       Kick              |       |       |       |    70 |   126 ||   196
Throw: Throwing net      |       |     2 |       |     2 |       ||     4
Invok: Stomp             |       |       |       |       |     1 ||     1
Evoke: Wand              |       |       |       |    11 |     2 ||    13
  Use: Scroll            |     1 |    10 |    13 |     2 |     4 ||    30
       Potion            |       |     2 |     1 |     3 |     1 ||     7
 Stab: Held in net/web   |       |     1 |       |     2 |       ||     3
       Paralysed         |       |       |     4 |    61 |    18 ||    83
Armor: Leather armour    |     8 |       |       |       |       ||     8
       Chain mail        |    21 |       |    10 |       |       ||    31
       Ring mail         |    29 |   107 |       |       |       ||   136
       Scale mail        |       |       |   132 |   152 |       ||   284
       Skin              |       |       |       |     2 |       ||     2
       Plate armour      |       |       |       |   117 |   114 ||   231
Dodge: Dodged            |    71 |   153 |   154 |   215 |   133 ||   726
Block: Other             |       |       |    27 |   101 |    41 ||   169
       Reflection        |       |       |       |     4 |     1 ||     5

Table legend: (Time is in decaauts)
 A = Elapsed time spent in this place.
 B = Non-inter-level travel time spent in this place.
 C = Inter-level travel time spent in this place.
 D = Time resting spent in this place.
 E = Time spent auto-exploring this place.
 F = Levels seen in this place.
 G = Mean time per level.
                   A        B        C        D        E       F      G
               +--------+--------+--------+--------+--------+-----+--------+
         Total |  22385 |  20822 |   1563 |   4679 |  13200 |  22 | 1017.5 |
       Dungeon |  17571 |  16202 |   1369 |   3884 |  10019 |  14 | 1255.1 |
        Temple |    139 |    110 |     29 |      0 |    107 |   1 |  139.0 |
          Lair |   3327 |   3195 |    132 |    349 |   2411 |   4 |  831.8 |
  Orcish Mines |   1097 |   1064 |     33 |    446 |    492 |   2 |  548.5 |
       Ossuary |    249 |    249 |      0 |      0 |    171 |   1 |  249.0 |
               +--------+--------+--------+--------+--------+-----+--------+

Top non-repeatable levels by time:
     D:6: 2022 daAuts
    D:12: 1916 daAuts
    D:13: 1586 daAuts
     D:8: 1561 daAuts
    D:10: 1549 daAuts
     D:7: 1422 daAuts
     D:5: 1394 daAuts
  Lair:3: 1326 daAuts
     D:3: 1316 daAuts
    D:11: 1226 daAuts
   Orc:1: 1085 daAuts
     D:1: 1009 daAuts
     D:9: 867 daAuts
  Lair:1: 842 daAuts
  Lair:2: 806 daAuts
